AoeStats
← Malik Bhai

Nomad

504435593Analyzed
4v4 RM · 27d ago on Sep 5, 2026· 49m 1s· 8 players
Game mode
Random Map
Map size
231×231
Population
200
Speed
Normal
Resources
Standard
Victory
Conquest
Starting age
Dark Age
Ending age
Imperial Age
RankedLock teamsTeams togetherTeam positionsShared explorationLock speedFull tech treeHidden civsTurbo modeCheats
Victory
Defeat
🇨🇳 Franks · China
1617
+13
🇨🇳 Sicilians · China
1604
+13
🇨🇳 Mongols · China
1550
+16
1477
+19
🇵🇰 Shu · Pakistan
1593
-17
🇬🇧 Magyars · United Kingdom
1568
-16
🇦🇷 Huns · Argentina
1528
-15
🇹🇷 Slavs · Türkiye
1494
-13
neutron_star
9:54 Loom
13:38 Feudal Age
17:50 Castle Age
16:58 Double-Bit Axe
17:19 Gold Mining
17:15 Loom
19:46 Town Watch
20:26 Fletching
24:28 Horse Collar
26:18 Bow Saw
27:27 Wheelbarrow
26:50 Bodkin Arrow
27:02 Fishing Lines
28:27 Padded Archer Armor
29:54 Wheelbarrow
30:05 Leather Archer Armor
31:08 Bloodlines
31:01 Husbandry
31:33 Heavy Plow
33:18 Bloodlines
35:44 Hand Cart
36:33 Gillnets
40:04 Imperial Age
38:48 Stone Mining
39:36 Gold Shaft Mining
39:21 Thumb Ring
40:46 Bracer
41:48 Chemistry
41:09 Ballistics
41:11 Conscription
42:19 Parthian Tactics
43:02 Stone Shaft Mining
44:38 Elite Mangudai
47:45 Drill
46:49 Capped Ram
48:51 Siege Ram
儒门_重农抑商
4:10 Loom
13:38 Feudal Age
11:56 Double-Bit Axe
19:30 Castle Age
18:30 Bow Saw
18:15 Fletching
20:32 Medium Warships
27:48 Bow Saw
27:27 Town Watch
27:23 Horse Collar
30:45 Wheelbarrow
32:52 Gold Mining
32:52 Stone Mining
35:37 Forging
38:28 Imperial Age
37:09 Iron Casting
36:40 Scale Barding Armor
37:57 Hand Cart
38:58 Chain Barding Armor
39:08 Husbandry
40:16 Plate Barding Armor
40:07 Conscription
41:21 Bodkin Arrow
41:29 Squires
42:31 Chemistry
41:51 Ballistics
41:12 Treadmill Crane
41:42 Masonry
41:11 Elite Coustillier
43:04 Gold Shaft Mining
45:57 Blast Furnace
44:57 Bracer
46:35 Burgundian Vineyards
47:17 Hoardings
48:09 Flemish Revolution
48:45 Scale Mail Armor
儒门大吊-日食
8:55 Loom
13:25 Feudal Age
17:14 Castle Age
15:31 Fletching
16:52 Double-Bit Axe
24:21 Sanctity
25:57 Fervor
27:18 Wheelbarrow
28:23 Bow Saw
28:43 Town Watch
33:59 Imperial Age
32:38 Scale Barding Armor
32:43 Forging
33:12 Gold Mining
34:16 Chain Barding Armor
34:18 Husbandry
34:58 Gold Shaft Mining
34:02 Cavalier
35:21 Conscription
34:31 Light Cavalry
35:36 Medium Warships
36:35 Plate Barding Armor
37:24 Stone Mining
38:37 Iron Casting
41:02 Hand Cart
42:49 Capped Ram
43:37 Paladin
45:47 Blast Furnace
czj136
3:02 Loom
14:19 Feudal Age
18:17 Fletching
19:03 Town Watch
19:37 Scale Mail Armor
19:55 Double-Bit Axe
22:57 Horse Collar
26:00 Castle Age
25:49 Forging
26:18 Stone Mining
27:31 Bodkin Arrow
27:44 Squires
38:28 Heavy Plow
41:04 Imperial Age
38:45 Bow Saw
39:16 Medium Warships
39:19 Husbandry
39:38 Bloodlines
39:38 Scale Barding Armor
40:09 Iron Casting
41:24 Chain Barding Armor
41:16 Gold Mining
42:46 Heavy Warships
42:34 Hauberk
42:13 Cavalier
43:38 Plate Barding Armor
44:27 Conscription
45:10 Blast Furnace
45:17 Gold Shaft Mining
45:08 Demolition Ship
47:14 Heavy Demolition Ship
AJC
4:30 Loom
13:04 Feudal Age
13:46 Double-Bit Axe
21:42 Castle Age
19:40 Fishing Lines
22:42 Medium Warships
23:03 Bow Saw
23:22 Gold Mining
23:46 Fletching
23:50 Horse Collar
25:58 Thumb Ring
26:09 Heavy Plow
26:58 Bodkin Arrow
27:15 Town Watch
29:15 Bloodlines
29:49 Padded Archer Armor
31:16 Leather Archer Armor
32:15 Ballistics
34:38 Wheelbarrow
36:49 Imperial Age
35:20 Stone Mining
36:08 Gold Shaft Mining
36:33 Corvinian Army
36:40 Scale Barding Armor
36:55 Husbandry
37:19 Heavy Cavalry Archer
38:25 Parthian Tactics
38:01 Bracer
39:08 Chemistry
38:20 Recurve Bow
39:27 Two-Man Saw
40:06 Ring Archer Armor
40:48 Hand Cart
40:52 Masonry
40:23 Treadmill Crane
41:06 Chain Barding Armor
41:11 Conscription
43:32 Plate Barding Armor
43:38 Hoardings
44:40 Elite Magyar Huszar
ATABEY
4:36 Loom
13:36 Feudal Age
21:16 Castle Age
19:09 Double-Bit Axe
19:59 Fletching
21:51 Padded Archer Armor
22:18 Medium Warships
22:08 Bodkin Arrow
23:25 Leather Archer Armor
23:08 Fishing Lines
30:33 Imperial Age
28:58 Wheelbarrow
38:29 Hand Cart
42:42 Scale Mail Armor
42:53 Forging
43:47 Man-at-Arms
44:37 Pikeman
MiE_Windshield Viper
4:37 Loom
12:45 Feudal Age
13:27 Double-Bit Axe
19:22 Castle Age
18:05 Gold Mining
18:12 Fletching
19:56 Fishing Lines
20:27 Bodkin Arrow
22:07 Medium Warships
22:41 Padded Archer Armor
25:27 Wheelbarrow
25:05 Horse Collar
27:57 Ballistics
28:42 Leather Archer Armor
36:31 Imperial Age
37:17 Hand Cart
37:40 Bracer
38:42 Chemistry
39:54 Heavy Cavalry Archer
41:51 Parthian Tactics
41:32 Thumb Ring
Malik Bhai
3:02 Loom
14:47 Feudal Age
18:50 Fletching
22:53 Castle Age
28:28 Castle Age
26:26 Double-Bit Axe
26:22 Horse Collar
29:48 Bow Saw
36:25 Wheelbarrow
45:48 Imperial Age
45:39 Hand Cart
46:06 Forging
45:57 Scale Mail Armor
46:04 Scale Mail Armor
45:52 Pikeman
46:33 Squires
48:00 Chain Mail Armor
Connection lost

Rejoining the realm…

Still unreachable

The connection could not be restored.

Session expired

The server has moved on; the page needs a fresh start.